 Dungeon Crawl Stone Soup version 0.21-b1-15-gfba53cd (webtiles) character file.

14357 pomescollege the Impaler (level 12, -6/89 HPs)
             Began as a Merfolk Skald on Jan 3, 2018.
             Was the Champion of Okawaru.
             Mangled by Rupert
             ... wielding a +1 great mace of holy wrath
              (34 damage)
             ... on level 12 of the Dungeon.
             The game lasted 00:54:58 (11365 turns).

pomescollege the Impaler (Merfolk Skald)           Turns: 11365, Time: 00:54:58

Health: -6/89      AC: 15    Str: 11    XL:     12   Next: 15%
Magic:  12/15      EV: 22    Int: 12    God:    Okawaru [******]
Gold:   686        SH:  0    Dex: 17    Spells: 2/15 levels left

rFire    + . .     SeeInvis +   o - +5 glaive (flame)
rCold    . . .     Gourm    +   (shield currently unavailable)
rNeg     . . .     Faith    .   T - +2 robe {rF+}
rPois    +         Spirit   .   (helmet restricted)
rElec    .         Reflect  .   k - +2 cloak
rCorr    .         Harm     .   h - +2 pair of gloves
MR       .....                  (no boots)
Stlth    ++........             O - amulet of the gourmand
HPRegen  0.24/turn              D - +5 ring of protection
MPRegen  0.14/turn              t - ring of poison resistance

@: no status effects
A: change form in water, swift swim, stealthy swim, horns 1, see invisible,
screaming 1, weak 1
a: Heroism, Finesse, Renounce Religion


You were on level 12 of the Dungeon.
You worshipped Okawaru.
Okawaru was exalted by your worship.
You were not hungry.

You visited 3 branches of the dungeon, and saw 14 of its levels.
You also visited: Bailey.

You collected 697 gold pieces.
You spent 11 gold pieces at shops.

Inventory:

Hand Weapons
 a - a +1 glaive of draining
 o - a +5 glaive of flaming (weapon)
 E - a +2 trident of protection
 N - a +4 halberd of electrocution
 V - a +0 blowgun
Missiles
 b - 7 curare-tipped needles
 c - 66 tomahawks of returning (quivered)
 f - 8 needles of frenzy
 p - 12 javelins
 U - 5 poisoned tomahawks
 W - 8 poisoned needles
Armour
 h - a +2 pair of gloves (worn)
 k - a +2 cloak (worn)
 T - a +2 robe of fire resistance (worn)
Jewellery
 n - an uncursed ring of fire
 t - a ring of poison resistance (right hand)
 v - a +5 ring of dexterity
 A - a +3 ring of evasion {unknown}
 D - a +5 ring of protection (left hand)
 O - an amulet of the gourmand (around neck)
Wands
 g - a wand of acid (4)
 i - a wand of digging (13)
 l - a wand of paralysis (22)
 q - a wand of flame (75)
 r - a wand of enslavement (12)
 w - a wand of scattershot (8)
 M - a wand of polymorph (14)
Scrolls
 j - 2 scrolls of magic mapping
 m - 4 scrolls of remove curse
 s - 4 scrolls of teleportation
 y - 2 scrolls of amnesia
Potions
 e - 2 potions of lignification
 u - 2 potions of curing
 z - a potion of brilliance {unknown}
 B - 2 potions of berserk rage
 F - 6 potions of heal wounds
 H - 2 potions of flight
 I - 5 potions of mutation
 K - 4 potions of magic {unknown}
 R - a potion of invisibility {unknown}
 X - 3 potions of resistance {unknown}
 Y - 2 potions of agility
Books
 G - a book of Minor Magic

   Spells                             Type                      Level
   a - Magic Dart                     Conjuration                  1
   b - Blink                          Translocation                2
   c - Call Imp                       Summoning                    2
   d - Slow                           Hexes                        2
   e - Conjure Flame                  Conjuration/Fire             3
   f - Mephitic Cloud                 Conjuration/Poison/Air       3
 J - a book of Flames

   Spells                             Type                      Level
   a - Flame Tongue                   Conjuration/Fire             1
   b - Throw Flame                    Conjuration/Fire             2
   c - Conjure Flame                  Conjuration/Fire             3
   d - Inner Flame                    Hexes/Fire                   3
   e - Sticky Flame                   Conjuration/Fire             4
   f - Fireball                       Conjuration/Fire             5
 P - a book of Callings

   Spells                             Type                      Level
   a - Summon Small Mammal            Summoning                    1
   b - Call Imp                       Summoning                    2
   c - Call Canine Familiar           Summoning                    3
   d - Summon Guardian Golem          Hexes/Summoning              3
   e - Summon Lightning Spire         Summoning/Air                4
   f - Summon Ice Beast               Ice/Summoning                4
Comestibles
 d - 16 rations


   Skills:
 + Level 6.3 Fighting
 * Level 15.1 Polearms
 + Level 5.1 Throwing
 - Level 0.7 Armour
 + Level 12.7 Dodging
 - Level 2.2 Spellcasting
 - Level 11.1 Charms
 - Level 1.0 Invocations


You had 2 spell levels left.
You knew the following spells:

 Your Spells              Type           Power        Failure   Level  Hunger
a - Infusion              Chrm           ####         1%          1    ##.....
b - Song of Slaying       Chrm           ####....     1%          2    ###....
c - Spectral Weapon       Hex/Chrm       ##......     9%          3    ####...
d - Shroud of Golubria    Chrm/Tloc      ##........   4%          2    ###....
e - Regeneration          Chrm/Necr      ##........   9%          3    ####...
f - Blink                 Tloc           N/A          38%         2    ###....


Dungeon Overview and Level Annotations

Branches:
Dungeon (12/15)            Temple (1/1) D:4            Lair (1/6) D:9
    Orc: D:9-12

Altars:
Ashenzari
Cheibriados
Fedhas
Makhleb
Okawaru
Qazlal
Sif Muna
Vehumet
Xom
Yredelemnul
Zin

Shops:
D:6 *

Annotations:
D:12 Rupert


Innate Abilities, Weirdness & Mutations

You revert to your normal form in water.
You are very nimble and swift while swimming.
You are very stealthy in the water. (Stealth+)
You have a pair of small horns on your head.
You have supernaturally acute eyesight. (SInv)
You occasionally shout uncontrollably at your foes.
You are weak. (Str -2)


Message History

Rupert roars madly and goes into a rage!
Rupert goes berserk!
The basilisk gazes at you.
The sky beast is moving more slowly.
You slice Rupert!! You burn Rupert!
Rupert is moderately wounded.
Your spectral weapon hits Rupert!!
Your spectral weapon burns Rupert.
Rupert hits you with a great mace of holy wrath!
The sky beast misses you.
You closely miss Rupert.
Rupert is moderately wounded.
Your spectral weapon barely misses Rupert.
Rupert hits you with a great mace of holy wrath!!!
The sky beast closely misses you.
As you read the scroll of fear, it crumbles to dust.
You assume a fearsome visage.
Your spectral weapon is unaffected.
The sky beast looks frightened!
The basilisk looks frightened!
Rupert hits you with a great mace of holy wrath!!
You die...

...................
#####..........###
#..........#
#...#+##...# #...#
#...# #####...
#...### ........
#.....# ######
#..(..# #....@# #
#....Y@(..... #
#.....l...... #
#............ #
######....... #
....... # ....... #
....... ####


You could see Rupert (berserk), a basilisk (fleeing), a sky beast (petrifying)
and a friendly spectral glaive of flaming.

Vanquished Creatures
  2 two-headed ogres (D:11)
  An orc knight (Bailey)
  A deep elf mage (D:11)
  An ugly thing (D:11)
  A cyclops (D:8)
  Psyche (D:10)
  A spiny frog (Lair:1)
  A komodo dragon (D:10)
  2 trolls (D:11)
  A merfolk (D:9)
  Grinder (D:5)
  5 blink frogs (Lair:1)
  Sigmund (D:3)
  A wyvern (D:12)
  11 yaks
  Grum (D:8)
  2 hungry ghosts
  The ghost of omnomnOMINOUS the Magician, an amateur OpWz (D:4)
  Menkaure (D:5)
  2 porcupines (D:9)
  2 ice beasts (D:11)
  3 orc warriors
  3 sky beasts
  2 black bears
  6 ogres
  A phantom (D:10)
  A hornet zombie (D:10)
  3 wolves (D:8)
  2 crocodiles (Lair:1)
  6 centaurs
  A big kobold (D:10)
  5 bullfrogs
  The ghost of mandarbmax the Cutter, an amateur VSEn (D:3)
  A wyvern zombie (D:12)
  A water moccasin skeleton (D:10)
  3 scorpions
  18 killer bees
  4 wights (D:10)
  5 howler monkeys
  2 bullfrog zombies
  3 crimson imps
  2 centaur zombies
  2 quasits
  3 jellies
  2 orc priests (D:10)
  A bullfrog skeleton (D:8)
  4 hounds
  5 iguanas
  7 orc wizards
  Ijyb (D:3)
  6 worker ants
  A killer bee zombie (D:10)
  A hound zombie (D:3)
  2 hound skeletons
  2 worker ant zombies
  9 adders
  21 gnolls
  3 shadow imps
  An ooze (D:2)
  4 adder skeletons
  2 worms
  A dart slug (D:1)
  2 leopard geckos
  28 orcs
  7 giant cockroaches
  11 goblins
  19 hobgoblins
  6 jackals
  2 quokkas
  8 bats
  7 frilled lizards
  24 kobolds
  2 leopard gecko zombies (D:3)
  A quokka skeleton (D:3)
  A quokka zombie (D:3)
  7 rats
  A fungus (D:9)
317 creatures vanquished.

Vanquished Creatures (others)
  A spectral weapon (D:12)
1 creature vanquished.

Grand Total: 318 creatures vanquished

Notes
Turn   | Place    | Note
-------+----------+-------------------------------------------
     0 | D:1      | pomescollege the Merfolk Skald began the quest for the Orb.
     0 | D:1      | Reached XP level 1. HP: 16/16 MP: 3/3
    24 | D:1      | Reached XP level 2. HP: 16/23 MP: 5/5
   175 | D:1      | Learned a level 2 spell: Song of Slaying
   700 | D:1      | Reached XP level 3. HP: 28/28 MP: 6/6
   776 | D:2      | Reached skill level 4 in Polearms
   802 | D:2      | Reached XP level 4. HP: 6/34 MP: 7/7
  1115 | D:2      | Learned a level 3 spell: Spectral Weapon
  1288 | D:2      | Reached skill level 5 in Polearms
  1812 | D:3      | Reached XP level 5. HP: 37/39 MP: 8/8
  1864 | D:3      | Noticed Sigmund
  2159 | D:3      | Killed Sigmund
  2159 | D:3      | Reached skill level 6 in Polearms
  2159 | D:3      | Reached skill level 5 in Charms
  2159 | D:3      | Reached XP level 6. HP: 27/45 MP: 3/9
  2289 | D:3      | Noticed Ijyb
  2307 | D:3      | Killed Ijyb
  2307 | D:3      | Reached skill level 7 in Polearms
  2586 | D:3      | Noticed mandarbmax's ghost (amateur VSEn)
  2596 | D:3      | Killed mandarbmax's ghost
  2649 | D:3      | Reached skill level 1 in Throwing
  2649 | D:3      | Reached XP level 7. HP: 38/51 MP: 10/10
  3078 | D:4      | Noticed omnomnOMINOUS's ghost (amateur OpWz)
  3349 | D:3      | Learned a level 2 spell: Shroud of Golubria
  3379 | D:4      | Killed omnomnOMINOUS's ghost
  3379 | D:4      | Reached skill level 8 in Polearms
  3880 | D:4      | Got a glittering iron ring
  3910 | D:4      | Found a staircase to the Ecumenical Temple.
  3939 | Temple   | Entered the Ecumenical Temple
  3955 | Temple   | Became a worshipper of Warmaster Okawaru
  4299 | D:4      | Reached XP level 8. HP: 58/58 MP: 6/11
  4645 | D:4      | Identified the ring "Jakoj" {rPois rN+ Int+2 Slay-6} (You found it on level 4 of the Dungeon)
  4732 | D:5      | Entered Level 5 of the Dungeon
  4732 | D:5      | Noticed Menkaure
  4732 | D:5      | Noticed Grinder
  4746 | D:5      | Killed Grinder
  4746 | D:5      | Reached skill level 9 in Polearms
  4750 | D:5      | Killed Menkaure
  4750 | D:5      | Reached * piety under Okawaru
  5185 | D:5      | Reached skill level 5 in Dodging
  5331 | D:5      | Reached skill level 10 in Polearms
  5331 | D:5      | Reached skill level 1 in Invocations
  5350 | D:5      | Learned a level 3 spell: Regeneration
  5701 | D:6      | Found Cont's General Store.
  5704 | D:6      | Bought a scroll of noise for 11 gold pieces
  6097 | D:6      | Reached XP level 9. HP: 67/67 MP: 5/12
  6136 | D:6      | Reached skill level 5 in Fighting
  6262 | D:6      | Reached skill level 11 in Polearms
  6708 | D:7      | Found a burning altar of Makhleb.
  7311 | D:8      | Noticed Grum
  7316 | D:8      | Noticed a cyclops
  7481 | D:8      | Killed a cyclops
  7481 | D:8      | Reached ** piety under Okawaru
  7481 | D:8      | Reached skill level 12 in Polearms
  7516 | D:8      | Found a flagged portal.
  7521 | Bailey   | Entered a bailey
  7656 | Bailey   | Noticed an orc knight
  7726 | Bailey   | Killed an orc knight
  7726 | Bailey   | Reached skill level 13 in Polearms
  8246 | D:8      | Reached XP level 10. HP: 74/74 MP: 13/13
  8262 | D:8      | Reached *** piety under Okawaru
  8267 | D:8      | Killed Grum
  8639 | D:8      | Reached skill level 14 in Polearms
  9020 | D:9      | Received a gift from Okawaru
  9331 | D:9      | Reached **** piety under Okawaru
  9425 | D:9      | Found a staircase to the Lair.
  9427 | D:9      | Received a gift from Okawaru
  9439 | D:9      | Learned a level 2 spell: Blink
  9607 | Lair:1   | Entered Level 1 of the Lair of Beasts
  9607 | Lair:1   | Noticed a spiny frog
  9610 | Lair:1   | Killed a spiny frog
  9662 | Lair:1   | Reached skill level 10 in Dodging
  9679 | Lair:1   | Reached XP level 11. HP: 40/79 MP: 14/14
  9943 | D:10     | Entered Level 10 of the Dungeon
  9951 | D:10     | Noticed Psyche
  9959 | D:10     | Killed Psyche
  9959 | D:10     | Reached skill level 10 in Charms
  9969 | D:10     | Reached ***** piety under Okawaru
 10187 | D:10     | Gained mutation: You are weak. (Str -2) [potion of mutation]
 10187 | D:10     | Gained mutation: You occasionally shout uncontrollably at your foes. [potion of mutation]
 10187 | D:10     | Gained mutation: You have a pair of small horns on your head. [potion of mutation]
 10187 | D:10     | Gained mutation: You have supernaturally acute eyesight. (SInv) [potion of mutation]
 10306 | D:10     | Received a gift from Okawaru
 10549 | D:11     | Noticed a red ugly thing
 10568 | D:11     | Killed a red ugly thing
 10591 | D:11     | Received a gift from Okawaru
 10708 | D:11     | Noticed a two-headed ogre
 10712 | D:11     | Killed a two-headed ogre
 10817 | D:11     | Noticed a two-headed ogre
 10820 | D:11     | Killed a two-headed ogre
 10897 | D:11     | Noticed a deep elf mage
 10904 | D:11     | Killed a deep elf mage
 10960 | D:11     | Reached XP level 12. HP: 88/88 MP: 11/15
 10968 | D:11     | Reached ****** piety under Okawaru
 11019 | D:11     | Reached skill level 15 in Polearms
 11264 | D:12     | Reached skill level 5 in Throwing
 11293 | D:12     | Identified a scroll of acquirement
 11356 | D:12     | Noticed Rupert
 11365 | D:12     | Mangled by Rupert

Skill      XL: |  1  2  3  4  5  6  7  8  9 10 11 12 |
---------------+-------------------------------------+-----
Polearms       | 4 5 6 7 8 10 13 14 15 | 15.1
Charms         | 4 5 7 9 11 | 11.1
Dodging        | 3 4 5 6 10 12 | 12.7
Throwing       | 1 2 3 4 5 |  5.1
Fighting       | 3 4 5 6 |  6.3
Invocations    | 1 |  1.0
Armour         | |  0.7
Spellcasting   | |  2.2

Action                   |  1- 3 |  4- 6 |  7- 9 | 10-12 || total
-------------------------+-------+-------+-------+-------++-------
Melee: Spear             |   105 |   222 |   169 |       ||   496
       Trident           |       |       |   277 |       ||   277
       Halberd           |       |       |     2 |   408 ||   410
       Tailslap          |       |       |     1 |     1 ||     2
       Headbutt          |       |       |       |    20 ||    20
       Glaive            |       |       |       |    10 ||    10
Throw: Tomahawk          |       |       |    44 |       ||    44
 Cast: Song of Slaying   |     1 |     1 |     6 |     3 ||    11
       Infusion          |       |     6 |    16 |     1 ||    23
       Spectral Weapon   |       |     1 |     7 |    10 ||    18
       Shroud of Golubri |       |       |     1 |       ||     1
Invok: Heroism           |       |       |     1 |     2 ||     3
Evoke: Wand              |       |    10 |     4 |     3 ||    17
  Use: Scroll            |     2 |     6 |    14 |     6 ||    28
       Potion            |     1 |     2 |     4 |     2 ||     9
 Stab: Sleeping          |     1 |     1 |     1 |     3 ||     6
       Paralysed         |       |    13 |    15 |     3 ||    31
       Distracted        |       |     1 |     1 |       ||     2
  Eat: Chunk             |       |     2 |     6 |    11 ||    19
       Ration            |       |     1 |     5 |     1 ||     7
Armor: Leather armour    |    14 |    43 |    93 |    19 ||   169
       Skin              |       |       |    14 |       ||    14
       Robe              |       |       |       |    54 ||    54
Dodge: Dodged            |    47 |    88 |   238 |   288 ||   661
Block: Buckler           |       |       |    28 |       ||    28
